 Dungeon Crawl Stone Soup version 0.28-a0-1506-g3893175d92 (webtiles) character file.

Game seed: 11709180828267808013

9 testman the Magician (level 2, -4/22 HPs)
             Began as a Djinni Necromancer on Jan 13, 2022.
             Was a Priest of Uskayaw.
             Slain by a goblin (6 damage)
             ... led by Robin
             ... on level 2 of the Dungeon.
             The game lasted 00:04:36 (475 turns).

testman the Magician (Djinni Necromancer)            Turns: 475, Time: 00:04:36

Health: -4/22      AC:  2    Str:  7    XL:     2   Next: 20%
Gold:   60         EV: 12    Int: 16    God:    Uskayaw [***...] SH:  0 Dex: 13

rFire   + + .      SeeInvis .   c - +0 dagger
rCold   x . .      Faith    .   (no shield)
rNeg    + . .      Spirit   .   a - +0 robe
rPois   ∞          Reflect  .   (no helmet)
rElec   .          Harm     .   (no cloak)
rCorr   .          Rampage  .   (no gloves)
Will    .....                   (boots unavailable)
Stlth   ++........              (no amulet)
HPRegen 0.07/turn               f - ring of positive energy
MPRegen 0.00/turn               (no ring)

@: flying
A: sickness immunity, fire resistance 2, cold vulnerability 1, float, innate
caster, hp casting, extra vitality 1
a: Renounce Religion, Stomp, Line Pass


You were on level 2 of the Dungeon.
You worshipped Uskayaw.
Uskayaw was noncommittal.
You visited 1 branch of the dungeon, and saw 2 of its levels.

You collected 60 gold pieces.

Inventory:

Hand Weapons
 c - a +0 dagger (weapon)
Missiles
 d - 16 stones
 g - 3 poisoned darts
Armour
 a - a +0 robe (worn)
Jewellery
 f - a ring of positive energy (left hand)
Scrolls
 b - a scroll of teleportation {unknown}
 e - a scroll of identify {unknown}
Potions
 h - a potion of magic {unknown}


   Skills:
 + Level 1.1 Fighting
 - Level 2.1 Dodging
 - Level 1.5 Stealth
 + Level 3.4 Spellcasting


You couldn't memorise any spells.
You knew the following spells:

 Your Spells              Type           Power      Damage    Failure   Level
a - Pain                  Necr           52%        1d6       4%          1
b - Animate Skeleton      Necr           26%        N/A       4%          1
c - Vampiric Draining     Necr           13%        2d6       13%         3
d - Animate Dead          Necr           6%         N/A       41%         4
e - Agony                 Necr           13%        N/A       77%         5
Your spell library was empty.

Dungeon Overview and Level Annotations

Branches:
Dungeon (1/15)

Altars:
Uskayaw

Annotations:
D:2 Robin


Innate Abilities, Weirdness & Mutations

You are immune to sickness and miasma.
You are immune to poison.
Your flesh is very heat resistant. (rF++)
You are vulnerable to cold. (rC-)
You float through the air rather than walking.
You learn spells naturally, not from books.
Your magical power is your life essence.
You have superior vitality. (+4 MHP)


Message History

Your hobgoblin skeleton hits Robin but does no damage.
Robin closely misses you.
You hit Robin.
Robin is heavily wounded.
A goblin comes into view.
It is wielding a +2 dagger of electrocution.
A goblin comes into view. It is wielding a +0 dagger.
A goblin comes into view. It is wielding a +0 club.
A hobgoblin comes into view.
Robin misses you.
Your hobgoblin skeleton barely misses Robin.
Okay, then.
Casting: Pain (safe; 4% risk of failure)
Confirm with . or Enter, or press ? or * to list all spells.
Okay, then.
You completely miss Robin.
Robin is heavily wounded.
Robin barely misses you.
Your hobgoblin skeleton closely misses Robin.
You hit Robin.
Robin is severely wounded.
Robin roars a battlecry!
The goblins go into a battle-frenzy!
You hit Robin but do no damage.
Robin is severely wounded.
Your hobgoblin skeleton hits Robin.
Robin throws the goblin at you!
* * * LOW HITPOINT WARNING * * *
The goblin hits you with a +0 dagger.
* * * LOW HITPOINT WARNING * * *
Okay, then.
Your hobgoblin skeleton barely misses Robin.
Robin misses you.
Okay, then.
Your hobgoblin skeleton hits Robin.
Robin hits your hobgoblin skeleton with a +0 spear.
Your hobgoblin skeleton closely misses Robin.
Robin hits your hobgoblin skeleton with a +0 spear.
The goblin hits your hobgoblin skeleton with a +2 dagger of electrocution.
Your hobgoblin skeleton is destroyed!
The goblin hits you with a +0 dagger.
You die...

..............# #.##......
.....†.=...##.#####.###...##
......)g.........##.# #.###
......[gg........##.###.
.......g..g............
.........ggg..♣....#.#
.....###.g.P♣.P.P....# ####
#....gg♣P_♣P...#
##.####@P.♣.....#
.........PP.....########
..........................
......................####
###..###..###.#..#....# #.
##.....#......<.# #
..###.<........### #.##
####.......#.. ..
##........#


You could see Robin, 3 hobgoblins and 7 goblins.

Vanquished Creatures
  A hobgoblin (D:2)
  2 ball pythons (D:2)
  3 goblins (D:2)
  A rat (D:2)
7 creatures vanquished.

Vanquished Creatures (collateral kills)
  A goblin (D:2)
1 creature vanquished.

Vanquished Creatures (others)
  4 withered plants (D:2)
4 creatures vanquished.

Grand Total: 12 creatures vanquished

Notes
Turn   | Place    | Note
-------+----------+-------------------------------------------
     0 | D:1      | testman the Djinni Necromancer began the quest for the Orb.
     0 | D:1      | Reached XP level 1. HP: 15/15 MP: 0/0
    27 | D:1      | You are sucked into a shaft and drop 1 floor!
   435 | D:2      | Found a faded altar of an unknown god.
   444 | D:2      | Prayed at the altar of an unknown god.
   444 | D:2      | Became a worshipper of Uskayaw the Reveller
   444 | D:2      | Reached * piety under Uskayaw
   458 | D:2      | Reached XP level 2. HP: 18/22 MP: 0/0
   460 | D:2      | Reached ** piety under Uskayaw
   461 | D:2      | Reached skill level 1 in Fighting
   461 | D:2      | Noticed Robin
   465 | D:2      | Reached *** piety under Uskayaw
   475 | D:2      | Slain by a goblin

Illustrated notes

Levels and vault maps discovered:
D:1:      lemuel_arrival_broad_hall, layout_basic, minmay_liquid_box
D:2:      layout_rooms, serial_shops, nicolae_shop_hallway_stairs,
          ebering_ecumenical_altar_petrified, minmay_split_cup_large, uniq_robin

Skill      XL: |  1  2 |
---------------+-------+-----
Fighting       | 1 |  1.1
Dodging        | |  2.1
Stealth        | |  1.5
Spellcasting   | |  3.4

Action                   || total
-------------------------++-------
Melee: Dagger            ||     4
 Cast: Pain              ||    15
       Animate Skeleton  ||     4
Dodge: Dodged            ||     4

Table legend: (Time is in decaauts)
 A = Elapsed time spent in this place.
 B = Non-inter-level travel time spent in this place.
 C = Inter-level travel time spent in this place.
 D = Time resting spent in this place.
 E = Time spent auto-exploring this place.
 F = Levels seen in this place.
 G = Mean time per level.
                   A        B        C        D        E       F      G
               +--------+--------+--------+--------+--------+-----+--------+
         Total |    473 |    473 |      0 |    110 |    274 |   2 |  236.5 |
       Dungeon |    473 |    473 |      0 |    110 |    274 |   2 |  236.5 |
               +--------+--------+--------+--------+--------+-----+--------+

Top non-repeatable levels by time:
     D:2: 446 daAuts
     D:1: 27 daAuts
